Map: Moczary ER (Void)

Players

OuO - Winner!

  • Race: Protoss Protoss
  • League: Master
  • Spawn Location: 7:00

AiR

  • Race: Terran Terran
  • League: Master
  • Spawn Location: 1:00

VOD

Have the link to the VOD?

Description

Time

  • Played on: Dec. 24, 2016, 5:02 a.m.
  • Length: 13:01
Show
View Real Time Build Order
Export as new Build Order

OuO Protoss - Winner!

Build Orders: 1 Gate Expand, Oracle Opening 

Get SALT Encoding   

  12  0:01  Probe (Chrono Boost)  
  13  0:11  Probe (Chrono Boost)  
  14  0:19  Pylon  
  14  0:23  Probe (Chrono Boost)  
  15  0:37  Probe (Chrono Boost)  
  15  0:39  Gateway  
  16  0:46  Assimilator  
  16  0:48  Probe (Chrono Boost)  
  17  0:59  Probe (Chrono Boost)  
  18  1:10  Probe (Chrono Boost)  
  19  1:20  Nexus  
  19  1:31  Cybernetics Core  
  19  1:34  Probe (Chrono Boost)  
  20  1:43  Assimilator  
  20  1:45  Probe (Chrono Boost)  
  21  1:52  Pylon  
  21  1:56  Probe (Chrono Boost)  
  22  2:07  Adept  
  22  2:08  Probe (Chrono Boost)  
  25  2:18  Stargate  
  26  2:23  Probe (Chrono Boost)  
  26  2:27  Warp Gate  
  26  2:35  Probe (Chrono Boost)  
  25  2:45  Adept  
  25  2:47  Probe (Chrono Boost)  
  28  2:52  Probe (Chrono Boost)  
  30  2:59  Probe (Chrono Boost)  
  30  3:02  Probe (Chrono Boost)  
  31  3:09  Oracle  
  31  3:11  Probe (Chrono Boost)  
  32  3:13  Probe (Chrono Boost)  
  36  3:23  Probe x2 (Chrono Boost)  
  40  3:34  Probe (Chrono Boost)  
  40  3:35  Probe (Chrono Boost)  
  40  3:37  Adept  
  42  3:44  Probe (Chrono Boost)  
  42  3:47  Probe (Chrono Boost), Assimilator  
  42  3:48  Pylon  
  44  3:50  Assimilator  
  46  3:55  Mothership Core (Chrono Boost)  
  44  4:14  Probe x2 (Chrono Boost)  
  46  4:19  Oracle  
  46  4:24  Probe (Chrono Boost)  
  46  4:26  Probe (Chrono Boost)  
  48  4:35  Probe (Chrono Boost)  
  48  4:38  Probe (Chrono Boost)  
  50  4:45  Probe (Chrono Boost)  
  51  4:47  Fleet Beacon  
  51  4:50  Probe (Chrono Boost)  
  50  4:56  Probe (Chrono Boost)  
  51  5:04  Nexus  
  51  5:05  Probe (Chrono Boost)  
  51  5:06  Pylon, Stargate  
  53  5:07  Probe (Chrono Boost)  
  53  5:10  Pylon  
  53  5:11  Pylon  
  53  5:17  Probe (Chrono Boost)  
  53  5:20  Probe (Chrono Boost)  
  51  5:28  Carrier  
  51  5:30  Probe (Chrono Boost), Gateway x2  
  51  5:37  Probe (Chrono Boost)  
  51  5:40  Carrier  
  51  5:41  Protoss Air Weapons Level 1  
  58  5:47  Pylon  
  58  5:48  Probe (Chrono Boost)  
  65  5:58  Pylon  
  65  6:01  Pylon, Graviton Catapult  
  65  6:08  Twilight Council  
  67  6:12  Probe (Chrono Boost)  
  67  6:13  Probe (Chrono Boost)  
  67  6:18  Adept  
  67  6:20  Probe (Chrono Boost)  
  67  6:25  Probe (Chrono Boost)  
  72  6:26  Probe (Chrono Boost)  
  72  6:27  Assimilator  
  72  6:30  Probe (Chrono Boost)  
  73  6:35  Assimilator, Adept x2  
  73  6:37  Probe (Chrono Boost)  
  78  6:43  Carrier  
  78  6:50  Probe (Chrono Boost)  
  78  6:53  Probe (Chrono Boost)  
  80  6:55  Carrier  
  86  7:04  Pylon  
  86  7:05  Adept x2  
  96  7:09  Resonating Glaives  
  96  7:13  Probe (Chrono Boost)  
  96  7:14  Probe x2 (Chrono Boost)  
  99  7:17  Pylon  
  99  7:23  Probe (Chrono Boost)  
  99  7:26  Probe x2 (Chrono Boost)  
  102  7:33  Gateway x2  
  102  7:36  Gateway  
  102  7:37  Templar Archives  
  102  7:41  Pylon  
  102  7:47  Probe (Chrono Boost)  
  103  7:54  Pylon  
  103  7:56  Pylon  
  103  7:57  Carrier  
  103  7:58  Pylon  
  103  8:00  Protoss Air Weapons Level 2  
  103  8:01  Forge  
  103  8:11  Carrier  
  97  8:20  Adept x3  
  108  8:30  Mothership Core (Chrono Boost)  
  102  8:51  Pylon  
  102  8:54  Probe (Chrono Boost)  
  103  8:56  Pylon  
  103  8:57  Pylon, Robotics Facility  
  103  8:58  Probe (Chrono Boost)  
  103  8:59  Probe (Chrono Boost), Assimilator  
  103  9:01  Psionic Storm  
  105  9:04  Protoss Shields Level 1  
  105  9:12  Carrier  
  100  9:17  Photon Cannon  
  106  9:25  Pylon  
  106  9:32  Adept x4  
  106  9:33  Adept  
  106  9:48  Probe (Chrono Boost)  
  106  9:50  Probe (Chrono Boost)  
  106  9:51  Probe (Chrono Boost)  
  109  10:00  Probe (Chrono Boost)  
  109  10:01  Probe (Chrono Boost), Photon Cannon  
  109  10:04  Probe (Chrono Boost)  
  111  10:10  High Templar x4  
  111  10:11  Probe (Chrono Boost)  
  111  10:12  Probe (Chrono Boost)  
  118  10:16  Probe (Chrono Boost)  
  119  10:22  Probe (Chrono Boost)  
  119  10:24  Probe (Chrono Boost)  
  121  10:33  Adept x2  
  125  10:35  Nexus  
  125  10:41  Observer  
  124  10:43  High Templar x2  
  129  10:52  Probe (Chrono Boost)  
  130  10:57  Pylon  
  130  10:58  Warp Prism  
  130  11:04  High Templar x2  
  136  11:05  Pylon  
  136  11:06  Pylon  
  136  11:23  Adept x3  
  137  11:25  Pylon  
  137  11:32  Forge  
  134  11:33  Observer  
  130  11:53  Archon  
  111  12:13  Stargate  
  115  12:15  Stargate  
  115  12:18  Adept  
  115  12:19  Adept x4  
  126  12:23  Probe x2 (Chrono Boost), Assimilator  
  126  12:24  Probe (Chrono Boost)  
  126  12:27  Assimilator  
  126  12:28  Observer, Photon Cannon  
  128  12:31  Pylon  
  128  12:36  Probe (Chrono Boost)  
  123  12:54  Nexus  
Show
View Real Time Build Order
Export as new Build Order

AiR Terran 

Build Orders: Reaper Expand, MMM Bio 

Get SALT Encoding   

  12  0:00  SCV  
  13  0:13  SCV  
  14  0:17  Supply Depot  
  14  0:25  SCV  
  15  0:31  Refinery  
  15  0:39  SCV  
  16  0:45  Barracks  
  16  0:51  SCV  
  17  1:03  SCV  
  18  1:15  SCV  
  19  1:31  Orbital Command  
  19  1:32  Reaper  
  20  1:45  Command Center  
  20  1:58  Factory  
  20  1:59  SCV  
  21  2:06  Refinery  
  21  2:08  Barracks Reactor  
  21  2:12  SCV  
  22  2:19  Supply Depot  
  22  2:24  SCV  
  23  2:40  SCV  
  23  2:43  Widow Mine  
  25  2:46  Starport, Marine  
  25  2:49  Marine  
  27  2:52  SCV  
  28  3:00  Orbital Command  
  28  3:04  SCV  
  29  3:11  Marine x2  
  31  3:13  Widow Mine  
  31  3:16  SCV  
  34  3:28  Medivac  
  34  3:29  Marine x2  
  34  3:33  SCV  
  38  3:41  Barracks  
  38  3:45  SCV x2  
  40  3:54  Marine x2  
  40  3:55  Factory Tech Lab  
  42  3:56  Supply Depot  
  42  3:57  SCV  
  42  3:59  SCV  
  44  4:09  SCV  
  43  4:11  SCV  
  40  4:17  Marine x2  
  40  4:21  SCV  
  40  4:24  SCV  
  43  4:29  Siege Tank, Barracks Tech Lab  
  44  4:34  SCV  
  45  4:39  SCV  
  46  4:51  Marine  
  46  4:52  Stimpack  
  46  4:54  Starport Tech Lab  
  46  4:57  Barracks  
  46  5:12  SCV x2, Marine x2  
  50  5:18  Supply Depot  
  47  5:24  SCV x2  
  49  5:29  Siege Tank, Marine x3  
  55  5:43  SCV  
  55  5:47  Marine  
  55  5:48  Starport Reactor, Marine  
  59  5:50  SCV  
  59  5:55  SCV  
  60  5:58  Marauder, Combat Shields  
  60  6:02  Engineering Bay, Supply Depot, SCV  
  63  6:05  Marine  
  63  6:06  Supply Depot x2  
  63  6:07  SCV, Marine  
  66  6:14  Refinery, SCV  
  66  6:16  Liberator  
  66  6:18  Factory Reactor  
  67  6:19  SCV  
  67  6:20  Marauder  
  67  6:22  Liberator  
  67  6:23  Marine  
  67  6:24  Marauder  
  67  6:25  Supply Depot  
  73  6:26  SCV  
  73  6:29  Supply Depot  
  73  6:31  SCV  
  75  6:38  SCV  
  82  6:43  Refinery  
  82  6:45  SCV  
  83  6:48  Marine x2  
  83  6:50  SCV  
  83  6:51  Terran Infantry Weapons Level 1  
  83  6:53  Concussive Shells, Missile Turret  
  86  6:56  Missile Turret  
  86  6:57  SCV  
  86  7:00  Widow Mine  
  86  7:01  Widow Mine  
  89  7:04  Marine x2  
  89  7:06  SCV  
  94  7:10  Supply Depot  
  94  7:18  Marine x2  
  96  7:26  Armory  
  96  7:33  SCV  
  97  7:37  Widow Mine x2, Medivac x2  
  97  7:42  Command Center  
  105  7:44  SCV  
  105  7:47  Supply Depot  
  105  7:48  Supply Depot  
  105  7:51  Marauder, Supply Depot  
  108  7:53  Marine  
  109  8:09  Widow Mine x2  
  102  8:20  SCV x2  
  102  8:23  Marine x2  
  102  8:24  Marauder x2  
  110  8:32  SCV x2  
  105  8:43  Barracks  
  105  8:44  SCV  
  105  8:45  Barracks  
  105  8:46  Barracks  
  91  8:49  SCV  
  91  8:50  Terran Infantry Weapons Level 2  
  91  8:53  Medivac x2  
  91  8:54  Engineering Bay  
  96  9:09  Widow Mine x2  
  100  9:20  Barracks, SCV  
  101  9:25  Marine x4  
  101  9:26  Medivac  
  101  9:27  Medivac  
  101  9:28  Terran Infantry Armor Level 1  
  109  9:36  Barracks Reactor x3  
  108  9:41  SCV  
  108  9:43  Marine x2  
  111  9:48  Marine x2  
  111  9:53  Barracks  
  111  9:54  Barracks  
  111  9:56  Command Center  
  102  10:00  SCV, Marine  
  102  10:03  SCV  
  102  10:04  Widow Mine, Marine  
  102  10:05  Widow Mine  
  102  10:06  Marine  
  111  10:08  Marine x2  
  111  10:13  SCV  
  114  10:22  Marine x5  
  114  10:23  Marine x2  
  121  10:35  Barracks Reactor  
  119  10:37  Orbital Command  
  119  10:39  SCV x2  
  119  10:41  Marine  
  119  10:42  Marine x6  
  126  10:59  Barracks Reactor x2  
  126  11:00  Marine x4  
  125  11:08  Marine x4  
  125  11:09  Widow Mine x2, Marine  
  134  11:14  Marine x2  
  134  11:15  Medivac, Marine  
  134  11:16  Command Center, Medivac  
  134  11:18  Marine x3  
  144  11:28  Marine x6  
  144  11:32  Marine x2  
  150  11:34  Marine  
  150  11:35  Marine x5  
  150  11:36  Marine x2  
  150  11:37  Widow Mine x2  
  164  11:46  Marine  
  140  11:53  Marine x6  
  128  11:54  Medivac x2  
  106  12:12  Marine x4  
  106  12:13  Marine x7  
  106  12:15  Marine x2  
  116  12:16  Marine x3  
  121  12:29  Orbital Command, Marine  
  121  12:30  Marine x4  
  121  12:31  Marine x6  
  121  12:33  Marine x2  
  121  12:34  Marine x3  
Tags
 
Add a new tag
Caveats
  • Supply blocks, unpowered buildings, or Contaminate may cause inaccurate times.
  • Supply counts are checked every 10 seconds.